 Dungeon Crawl Stone Soup version 0.23.2-1-ga50397a (webtiles) character file.

Game seed: 4501272180966912028

266 Fang the Skirmisher (level 6, -1/39 HPs)
             Began as a Gargoyle Berserker on Apr 30, 2019.
             Was a Priest of Trog.
             Killed by divine providence
             ... invoked by an orc priest
              (13 damage)
             ... on level 4 of the Dungeon.
             The game lasted 00:02:40 (2435 turns).

Fang the Skirmisher (Gargoyle Berserker)            Turns: 2435, Time: 00:02:41

Health: -1/39      AC: 17    Str: 23    XL:     6   Next: 20%
Magic:  6/6        EV:  7    Int:  7    God:    Trog [***...]
Gold:   140        SH:  0    Dex:  9    Spells: 5/5 levels left

rFire    . . .     SeeInvis +   a - +0 hand axe
rCold    . . .     Gourm    .   (no shield)
rNeg     + . .     Faith    .   b - +0 plate armour
rPois    ∞         Spirit   .   s - +1 hat {SInv}
rElec    +         Reflect  .   (no cloak)
rCorr    .         Harm     .   (no gloves)
MR       ++...                  (no boots)
Stlth    ..........             (no amulet)
HPRegen  1.13/turn              (no ring)
MPRegen  0.10/turn              (no ring)

@: regenerating
A: negative energy resistance 1, electricity resistance, unbreathing,
petrification resistance, rot immunity, AC +4
a: Berserk, Trog's Hand, Renounce Religion


You were on level 4 of the Dungeon.
You worshipped Trog.
Trog was most pleased with you.
You were hungry.

You visited 1 branch of the dungeon, and saw 4 of its levels.

You collected 140 gold pieces.

Inventory:

Hand Weapons
 a - a +0 hand axe (weapon)
Armour
 b - a +0 plate armour (worn)
 s - a +1 hat of see invisible (worn)
Wands
 k - a wand of iceblast (5)
Scrolls
 g - a scroll of noise {unknown}
 i - 3 scrolls of identify {unknown}
 j - 2 scrolls of magic mapping {unknown}
 l - 2 scrolls of random uselessness {unknown}
 m - 2 scrolls of enchant weapon {unknown}
 n - a scroll of amnesia {unknown}
 q - 2 scrolls of blinking {unknown}
 r - a scroll of enchant armour {unknown}
 t - a scroll of teleportation {unknown}
Potions
 d - 3 potions of invisibility {unknown}
 e - 3 potions of brilliance {unknown}
 h - a potion of agility {unknown}
 o - a potion of haste {unknown}
 p - a potion of mutation {unknown}
Comestibles
 c - 8 rations
 f - 2 chunks of flesh


   Skills:
 + Level 4.6 Fighting
 + Level 3.8 Axes
 + Level 3.8 Armour
 + Level 2.9 Dodging


You had 5 spell levels left.
You didn't know any spells.
Your spell library was empty.

Dungeon Overview and Level Annotations

Branches:
Dungeon (4/15)
 Temple: D:4-7

Altars:
Gozag
Uskayaw

Annotations:
D:3 2 transporters


Innate Abilities, Weirdness & Mutations

You are resistant to torment.
Your stone body is resilient. (AC +4)
You are immune to poison.
You resist negative energy. (rN+)
You are resistant to electric shocks. (rElec)
You can survive without breathing.
You are immune to petrification.
You are immune to rotting.


Message History

You are too injured to fight recklessly!
You are too injured to fight recklessly!
You are too injured to fight recklessly!
You are too injured to fight recklessly!
You are too injured to fight recklessly!
You are too injured to fight recklessly!
You are too injured to fight recklessly!
You are too injured to fight recklessly!
You are too injured to fight recklessly!
You are too injured to fight recklessly!
You are too injured to fight recklessly!
You are too injured to fight recklessly!
You are too injured to fight recklessly!
Your skin crawls.
You feel resistant to hostile enchantments.
You are feeling hungry.
The orc priest looks encouraged for a moment.
The orc priest mumbles some strange prayers to Beogh against you.
Beogh smites you!
You die...

## #.# ##
#.####.#
#.###@oo..#
#.#o######
#§## #.# #.#
#.### ##+##
#...#
##...##
########.##
##.....####
##
#.........#
##..........


You could see 2 orc priests and an orc wizard.

Vanquished Creatures
  An orc priest (D:4)
  A gnoll shaman (D:4)
  An orc wizard (D:4)
  4 gnolls (D:4)
  2 adders
  5 oozes
  An adder skeleton (D:4)
  3 worms (D:3)
  A dart slug (D:1)
  3 leopard geckos
  4 orcs (D:4)
  7 bats
  2 giant cockroaches
  8 goblins
  8 hobgoblins
  6 jackals (D:3)
  4 quokkas
  A ball python (D:3)
  6 frilled lizards
  8 kobolds
  13 rats
89 creatures vanquished.

Notes
Turn   | Place    | Note
-------+----------+-------------------------------------------
     0 | D:1      | Fang the Gargoyle Berserker began the quest for the Orb.
     0 | D:1      | Reached XP level 1. HP: 14/14 MP: 1/1
    48 | D:1      | Reached XP level 2. HP: 10/19 MP: 2/2
   306 | D:1      | You fall through a shaft!
   591 | D:2      | Reached XP level 3. HP: 21/23 MP: 3/3
   665 | D:2      | Reached ** piety under Trog
  1027 | D:1      | Reached XP level 4. HP: 29/29 MP: 4/4
  1325 | D:3      | Found a transporter.
  1330 | D:3      | Reached skill level 4 in Fighting
  1344 | D:3      | Found a transporter.
  1712 | D:3      | Reached *** piety under Trog
  1726 | D:3      | Found a hide-covered altar of Uskayaw.
  2000 | D:4      | Reached XP level 5. HP: 33/33 MP: 5/5
  2174 | D:4      | Found an opulent altar of Gozag.
  2226 | D:4      | Reached XP level 6. HP: 39/39 MP: 6/6
  2435 | D:4      | Killed from afar by an orc priest

Skill      XL: |  1  2  3  4 |
---------------+-------------+-----
Axes           | 3 |  3.8
Dodging        | 2 |  2.9
Armour         | 3 |  3.8
Fighting       | 4 |  4.6

Action                   |  1- 3 |  4- 6 || total
-------------------------+-------+-------++-------
Melee: Hand axe          |   164 |   186 ||   350
Invok: Berserk           |       |     1 ||     1
       Trog's Hand       |       |     1 ||     1
  Eat: Chunk             |     1 |     5 ||     6
Armor: Animal skin       |    13 |       ||    13
       Plate armour      |   126 |   141 ||   267
Dodge: Dodged            |    91 |    82 ||   173
